[Event "*** Titled Tuesday 3|2 Blitz"]
[Site "Chess.com"]
[Date "2015.05.05"]
[Round "3"]
[White "ChessTrener"]
[Black "NguyenDucHoa"]
[Result "1-0"]
[WhiteElo "2500"]
[BlackElo "2389"]
[TimeControl "180+2"]
[EndTime "11:34:53 PDT"]
[Termination "ChessTrener won on time"]

1. e4 c5 2. Ne2 Nc6 3. Nbc3 Nf6 4. g3 g6 5. Bg2 Bg7 6. O-O O-O 7.
Nd5 e6 8. Nxf6+ Bxf6 9. c3 d5 10. exd5 exd5 11. d4 cxd4 12. Nxd4 Nxd4 13. cxd4 Bf5 14.
Be3 Be4 15. Bh3 Re8 16. Qb3 Qa5 17. Qxb7 Rab8 18. Qc6 Bg7 19. Bf4 Bxd4 20. Bxb8 Rxb8 21. Rad1 Bxb2 22. f3 Bf5 23. Bxf5 gxf5 24. Qxd5 Qb6+ 25.
Kg2 Bf6 26. Qxf5 Qa6 27. Rf2 Rb5 28. Qd7 Kg7 29. h4 h6 30. Rd6 Qa5 31. Qg4+ 1-0

[Event "*** Titled Tuesday 3|2 Blitz"]
[Site "Chess.com"]
[Date "2015.05.05"]
[Round "3"]
[White "wonderfultime"]
[Black "VSERGUEI"]
[Result "0-1"]
[WhiteElo "2579"]
[BlackElo "2493"]
[TimeControl "180+2"]
[EndTime "11:34:58 PDT"]
[Termination "VSERGUEI won by resignation"]

1. d4 d5 2. c4 c6 3. Nc3 Nf6 4.
e3 a6 5. Nf3 b5 6. b3 Bg4 7. h3 Bxf3 8. Qxf3 e5 9. dxe5 Bb4 10. Bd2 Bxc3 11. Bxc3 Ne4 12. Bb4 bxc4 13. Qg4 c5 14. f3 Nc6 15. fxe4 Nxb4 16. Rd1 O-O 17.
exd5 c3 18. Bc4 Nxa2 19. Qe2 Qh4+ 20. Kf1 Nb4 21. d6 Rae8 22. Qf2 Qh5 23. g4 Qxe5 24. Kg2 c2 25. Rd2 Rd8 26. Qf4 Qc3 27. Rf2 c1=Q 28.
Rxc1 Qxc1 29. Bxf7+ Kh8 30. Qe4 Qd1 0-1

[Event "*** Titled Tuesday 3|2 Blitz"]
[Site "Chess.com"]
[Date "2015.05.05"]
[Round "3"]
[White "igorkovalenko"]
[Black "pKiLz5Rn9b"]
[Result "1-0"]
[WhiteElo "2501"]
[BlackElo "2257"]
[TimeControl "180+2"]
[EndTime "11:34:59 PDT"]
[Termination "igorkovalenko won by resignation"]

1. d4 e6 2. e4 d5 3. e5 c5 4. c3 Nc6 5. Nf3 Qb6 6. Be2 cxd4 7. cxd4 Nh6 8. Bxh6 Qxb2 9. Nbd2 gxh6 10. Rb1 Qxa2 11.
O-O Qa5 12. Nb3 Qc7 13. Qc2 Bd7 14. Rfc1 Ba3 15. Rd1 O-O 16. Qd2 Kg7 17. Qf4 Be7 18.
Nc5 Bxc5 19. Qf6+ Kg8 20. dxc5 Qd8 21. Qxh6 Qe7 22. Rxb7 Rab8 23. Bd3 f5 24. exf6 Rxf6 25. Rxb8+ Nxb8 26. Bxh7+ Kf7 27. Ne5+ Ke8 28. Qh5+ Kd8 29.
Rc1 Nc6 30. Bd3 Qf8 31. Nxc6+ Bxc6 32. Qe5 Kd7 33. Ra1 a6 34. Rxa6 Qxc5 35. Qxf6 Qc1+ 36. Bf1 Bb5 37. Qxe6+ Kc7 38. Qb6+ Kc8 39. Ra8+ Kd7 40. Ra7+ Kc8 41. Qb7+ Kd8 42. Ra8+ 1-0

[Event "*** Titled Tuesday 3|2 Blitz"]
[Site "Chess.com"]
[Date "2015.05.05"]
[Round "3"]
[White "Enozen"]
[Black "MITerryble"]
[Result "1-0"]
[WhiteElo "2494"]
[BlackElo "2498"]
[TimeControl "180+2"]
[EndTime "11:35:02 PDT"]
[Termination "Enozen won on time"]

1. d4 e6 2. Nf3 Nf6 3. Bg5 h6 4. Bxf6 Qxf6 5. e4 b6 6. Bd3 Bb7 7. Nbd2 c5 8. c3 Nc6 9. e5 Qd8 10. a3 d6 11. Qe2 cxd4 12. cxd4 dxe5 13. dxe5 Be7 14. O-O O-O 15. Rfd1 Nd4 16. Nxd4 Qxd4 17. Be4 Bxe4 18. Qxe4 Qxb2 19. Nc4 Qb3 20. Nd6 Rab8 21. Rd3 Qc2 22. Rad1 Qc5 23. h3 b5 24. g3 b4 25.
axb4 Rxb4 26. Qe1 a5 27. Rc1 Qb6 28. Nc8 Qb7 29. Nd6 Qb8 30. Qd1 Rb2 31. Ra1 Qb6 32.
Qe1 Qb4 33. Qd1 f6 34. Rd4 Qc5 35. Rc1 Qa3 36. Nc4 Qa2 37. Nxb2 Qxb2 38. Rd7 Ba3 39. Rcc7 1-0

[Event "*** Titled Tuesday 3|2 Blitz"]
[Site "Chess.com"]
[Date "2015.05.05"]
[Round "3"]
[White "Schemato"]
[Black "ViennaRocket"]
[Result "1-0"]
[WhiteElo "2119"]
[BlackElo "2255"]
[TimeControl "180+2"]
[EndTime "11:35:11 PDT"]
[Termination "Schemato won by resignation"]

1. c4 f5 2. g3 Nf6 3. Bg2 g6 4. Nc3 Bg7 5. d3 d6 6. e4 fxe4 7. dxe4 c5 8. Nge2 Nc6 9. O-O O-O 10. h3 e5 11. f4 Nd4 12. f5 gxf5 13. exf5 Nxf5 14. Bg5 Nd4 15. Nd5 Be6 16. Nec3 h6 17.
Bh4 Nf5 18. Bxf6 Bxf6 19. g4 Nd4 20. Nxf6+ Rxf6 21. Bxb7 Rb8 22. Bd5 Rxb2 23. Bxe6+ Nxe6 24. Ne4 Rxf1+ 25. Qxf1 Nf4 26. Rb1 Rg2+ 27. Kh1 Qh4 28. Rb8+ Kh7 29. Rb7+ Kg6 30. Rb3 Rxa2 31. Nxd6 Rf2 32.
Qb1+ Kf6 33. Qf5+ Ke7 34. Rb7+ 1-0

[Event "*** Titled Tuesday 3|2 Blitz"]
[Site "Chess.com"]
[Date "2015.05.05"]
[Round "3"]
[White "AlmirDzhumaev"]
[Black "desxmchna"]
[Result "0-1"]
[WhiteElo "2080"]
[BlackElo "2153"]
[TimeControl "180+2"]
[EndTime "11:35:15 PDT"]
[Termination "desxmchna won by checkmate"]

1. e4 c5 2. Nc3 Nc6 3. g3 g6 4. Bg2 Bg7 5. d3 Rb8 6. Be3 b5 7. Bxc5 b4 8. Na4 Qa5 9. b3 Bxa1 10. Qxa1 f6 11. Ne2 Nh6 12. h3 Nf7 13. f4 O-O 14.
O-O d6 15. Be3 e5 16. f5 g5 17. h4 h6 18. hxg5 hxg5 19. g4 Ba6 20. Kf2 Kg7 21.
Ng3 Nh6 22. Nh5+ Kf7 23. Bf3 Rh8 24. Qc1 Rbg8 25. Rh1 Ke7 26. Qb1 Nf7 27. Nb2 Nd4 28. Bd1 Rc8 29. Nc4 Bxc4 30. dxc4 Qc5 31. Bf3 Rc6 32. Rd1 Ra6 33. Qb2 Qa5 34. Bxd4 exd4 35. Ra1 Qe5 36. Kg2 Rc6 37. Rd1 Ra6 38. Rxd4 Ra8 39. Qa1 Rxa2 40. Qxa2 Qxd4 41. Qa6 Rb8 42. Qc6 Qd2+ 43. Kh3 Rd8 44. Qc7+ Rd7 45. Qb8 Qf2 46. Bg2 Qh4# 0-1

[Event "*** Titled Tuesday 3|2 Blitz"]
[Site "Chess.com"]
[Date "2015.05.05"]
[Round "3"]
[White "Dlugy"]
[Black "Nouki"]
[Result "1-0"]
[WhiteElo "2506"]
[BlackElo "2604"]
[TimeControl "180+2"]
[EndTime "11:35:17 PDT"]
[Termination "Dlugy won by resignation"]

1. d4 d5 2. c4 c6 3. Nf3 Nf6 4.
Qc2 g6 5. Bf4 Bg7 6. e3 O-O 7.
Nc3 c5 8. dxc5 Qa5 9. Rc1 dxc4 10. Bxc4 Qxc5 11. Qb3 Nc6 12. Qb5 Qxb5 13. Bxb5 Bd7 14. O-O a6 15. Be2 Rac8 16. Rfd1 Bf5 17. h3 h6 18. g4 Be6 19. Ne5 Nxe5 20. Bxe5 Rc5 21. Bd4 Rc7 22. Bf3 Rfc8 23. Be5 Rc5 24. Bxb7 Re8 25.
Bd4 Rc7 26. Bxa6 Ra8 27. Be2 Kf8 28. Bf3 Rac8 29. b3 Nxg4 30. Bxg4 Bxd4 31. Bxe6 fxe6 32. Rxd4 Rxc3 33. Rxc3 Rxc3 34. Kg2 Kf7 35. Rc4 Rd3 36. Rc2 e5 37. b4 Ke6 38. a4 Rb3 39. b5 Rb4 40.
Rc6+ Kd5 41. Ra6 Kc5 42. b6 e4 43. a5 1-0

[Event "*** Titled Tuesday 3|2 Blitz"]
[Site "Chess.com"]
[Date "2015.05.05"]
[Round "3"]
[White "MrHenriksson"]
[Black "geeeeri"]
[Result "0-1"]
[WhiteElo "2019"]
[BlackElo "2085"]
[TimeControl "180+2"]
[EndTime "11:35:19 PDT"]
[Termination "geeeeri won on time"]

1. d4 Nf6 2. Nf3 g6 3. g3 Bg7 4. Bg2 d6 5. O-O O-O 6. c4 Nbd7 7. Nc3 e5 8. dxe5 dxe5 9. e4 c6 10. Qc2 Qc7 11. b4 a5 12. b5 Re8 13. Be3 Bf8 14.
bxc6 bxc6 15. Na4 Ba6 16. Rfd1 Ng4 17. Bg5 Nc5 18. h3 Nxa4 19. Qxa4 h6 20. hxg4 hxg5 21. Nxg5 Bc5 22. Rd2 Rab8 23. Rad1 Rb4 24. Qc2 Rxc4 25. Qb3 a4 26. Qb1 Rd4 27. Bf1 Bc8 28. Nf3 Bxg4 29.
Nxd4 Bxd1 30. Qxd1 Bxd4 31. Qxa4 Qb6 32. Qc4 Re6 33. Rc2 Rf6 34. Bd3 Bxf2+ 35. Kg2 Be1 36. Qa6 Qe3 0-1

[Event "*** Titled Tuesday 3|2 Blitz"]
[Site "Chess.com"]
[Date "2015.05.05"]
[Round "3"]
[White "jup1978"]
[Black "AungTZ"]
[Result "0-1"]
[WhiteElo "2140"]
[BlackElo "2141"]
[TimeControl "180+2"]
[EndTime "11:35:31 PDT"]
[Termination "AungTZ won by resignation"]

1. e4 c5 2. Nf3 Nc6 3. Bb5 e6 4. Bxc6 bxc6 5. d3 d6 6. O-O e5 7.
Ng5 Nf6 8. f4 exf4 9. Bxf4 Be7 10.
e5 dxe5 11. Bxe5 h6 12. Ne4 Nxe4 13. dxe4 O-O 14. Nc3 Qb6 15. Na4 Qb4 16. Nc3 f6 17. Bg3 Qxb2 18. Qd3 Qb4 19. Rab1 Qd4+ 20. Bf2 Qxd3 21.
cxd3 Ba6 22. Rfd1 Rfd8 23. Na4 Bxd3 24. Rb7 Bb5 25. Rxd8+ Rxd8 26. Nc3 Kf8 27. g3 a6 28. a4 Bd3 29. Rc7 c4 30. Rxc6 Bb4 31. Nd5 a5 32.
Nxb4 axb4 33. Bc5+ Kf7 34. Bxb4 Rb8 35. Bd6 Rb2 36. a5 Ra2 37. a6 Bxe4 38. Rc7+ Ke6 39. Bf8 Bd5 40. a7 g5 41. Bxh6 Rg2+ 42. Kf1 Rxh2 43. Bf8 Ra2 44. Bc5 c3 45. g4 Bc4+ 46. Ke1 Kd5 47. Be7 Ra1+ 48. Kf2 c2 0-1

[Event "*** Titled Tuesday 3|2 Blitz"]
[Site "Chess.com"]
[Date "2015.05.05"]
[Round "3"]
[White "Imre91"]
[Black "amaidel"]
[Result "1-0"]
[WhiteElo "2556"]
[BlackElo "2290"]
[TimeControl "180+2"]
[EndTime "11:35:41 PDT"]
[Termination "Imre91 won by checkmate"]

1. Nf3 f5 2. g3 Nf6 3. Bg2 g6 4. O-O Bg7 5. b3 O-O 6. Bb2 d6 7. d4 Qe8 8. Na3 Nc6 9. Nc4 e6 10. a4 h6 11. h4 Ne4 12. a5 a6 13. e3 g5 14. hxg5 hxg5 15. Nfd2 Nxd2 16. Qxd2 d5 17. Ne5 Nxe5 18. dxe5 Qh5 19. f4 Bd7 20. Bf3 g4 21. Bg2 Bb5 22. Rfd1 c5 23. Rac1 c4 24. Bd4 Rac8 25.
Kf2 cxb3 26. cxb3 Qf7 27. Bc5 Rfd8 28. Rc3 Bf8 29. Rdc1 Bxc5 30. Rxc5 Rxc5 31. Rxc5 Qd7 32.
Qc3 Bc6 33. Qd4 Bb5 34. Qc3 Bc6 35. Bf1 d4 36. exd4 Be4 37. Ke3 Qh7 38. Rc8 Qd7 39.
Rc7 Qe8 40. Qc5 Rd7 41. Bc4 Rxc7 42. Qxc7 Qf7 43. Qc8+ Kg7 44. Qxe6 Qh5 45. Qe7+ Kh8 46. Qf8+ Kh7 47. Bg8+ Kg6 48. Qf6# 1-0

[Event "*** Titled Tuesday 3|2 Blitz"]
[Site "Chess.com"]
[Date "2015.05.05"]
[Round "3"]
[White "GMBenjaminBok"]
[Black "David_Klein"]
[Result "1-0"]
[WhiteElo "2434"]
[BlackElo "2233"]
[TimeControl "180+2"]
[EndTime "11:35:57 PDT"]
[Termination "GMBenjaminBok won by checkmate"]

1. e4 Nf6 2. e5 Nd5 3. d4 Nb6 4. Nf3 d5 5. Bd3 Bg4 6. Nbd2 e6 7. Nb3 N6d7 8. Be3 c5 9. Nxc5 Nxc5 10. dxc5 Nd7 11.
b4 Nxe5 12. Bb5+ Nc6 13. h3 Bxf3 14. Qxf3 a6 15. Bxc6+ bxc6 16. Bd4 Qh4 17. c3 a5 18. g3 Qh6 19. b5 cxb5 20. Qd3 Rb8 21. Be5 Rb7 22. c6 Rb6 23. Bc7 Rxc6 24. Qxb5 Kd7 25. Bf4 g5 26. Qb7+ Kd8 27. Be5 f6 28. Qxc6 fxe5 29.
Rb1 Ke7 30. Rb7+ Kf6 31. Qe8 Qg6 32. Qd8+ Kf5 33. g4+ Kf4 34. Qb6 Qe4+ 35. Kd2 Qxh1 36. Qe3# 1-0

[Event "*** Titled Tuesday 3|2 Blitz"]
[Site "Chess.com"]
[Date "2015.05.05"]
[Round "3"]
[White "IMRosen"]
[Black "PowerThinking2650"]
[Result "1-0"]
[WhiteElo "2218"]
[BlackElo "2075"]
[TimeControl "180+2"]
[EndTime "11:35:59 PDT"]
[Termination "IMRosen won on time"]

1. c4 Nf6 2. Nc3 g6 3. g3 Bg7 4. Bg2 O-O 5. Nf3 d6 6. O-O e5 7. d3 Nc6 8. Rb1 a5 9. a3 Bf5 10. Nd2 Qd7 11. Re1 Bh3 12. Bh1 Ng4 13. b4 axb4 14.
axb4 f5 15. b5 Nd8 16. e3 f4 17.
Nde4 Ne6 18. Rb2 Ra1 19. Qe2 fxe3 20. Bxe3 Rxe1+ 21. Qxe1 Nd4 22. Ng5 Nh6 23. Bxb7 Bf5 24. Bd5+ Kh8 25. Ra2 Bxd3 26. Qd2 Bf5 27. Ra7 Ng4 28. b6 Nxe3 29. Qxe3 Qd8 30. Rxc7 h6 31. Nf3 Bh3 32. Nh4 Qe8 33. Be4 Bf5 34. Nd5 1-0

[Event "*** Titled Tuesday 3|2 Blitz"]
[Site "Chess.com"]
[Date "2015.05.05"]
[Round "3"]
[White "Recombinant"]
[Black "Tirantes"]
[Result "1-0"]
[WhiteElo "2153"]
[BlackElo "2171"]
[TimeControl "180+2"]
[EndTime "11:36:00 PDT"]
[Termination "Recombinant won by resignation"]

1. d4 Nf6 2. c4 e6 3. Nf3 b6 4.
Nc3 Bb7 5. g3 Bb4 6. Bg2 Ne4 7.
Qd3 Nxc3 8. bxc3 Be7 9. O-O O-O 10. e4 d6 11. Ba3 Nd7 12. Rfe1 c5 13. e5 dxe5 14.
Nxe5 Nxe5 15. Rxe5 Bxg2 16. Kxg2 Qc7 17. Rae1 Bf6 18.
R5e2 Rfd8 19. d5 Rd7 20. Qf3 Rf8 21. Bc1 Qb7 22. Rd1 h6 23. Bf4 Rfd8 24. Be5 Bxe5 25. Rxe5 Rd6 26. Kg1 Qd7 27. Rde1 exd5 28. Re7 Rf6 29. Rxd7 Rxd7 30. Re8+ Kh7 31. Qd3+ g6 32. cxd5 Kg7 33. c4 a6 34. Qe3 b5 35. Qxc5 Rfd6 36.
cxb5 axb5 37. Qc3+ Rf6 38. Rb8 g5 39. Rb6 Rxd5 40.
Qxf6+ 1-0

[Event "*** Titled Tuesday 3|2 Blitz"]
[Site "Chess.com"]
[Date "2015.05.05"]
[Round "3"]
[White "Hikaru"]
[Black "vovkcoach"]
[Result "1-0"]
[WhiteElo "2829"]
[BlackElo "2427"]
[TimeControl "180+2"]
[EndTime "11:36:02 PDT"]
[Termination "Hikaru won by resignation"]

1. b3 e5 2. Bb2 Nc6 3. e3 g6 4. f4 Bg7 5. Nf3 d6 6. fxe5 Nge7 7. Bc4 O-O 8. O-O Nxe5 9. Nxe5 Bxe5 10. Bxe5 dxe5 11. Qf3 Nf5 12. Nc3 Qxd2 13. Nd5 c6 14. Rad1 Qa5 15. Ne7+ Kg7 16. Nxf5+ Bxf5 17. e4 Qc5+ 18.
Kh1 b5 19. exf5 bxc4 20. Rd7 e4 21. Qxe4 Rae8 22. Qh4 gxf5 23. b4 Qe3 24. Qxc4 Re4 25. Qxc6 Rxb4 26. Rd3 Qe2 27. Qc3+ f6 28. Re1 Re8 29.
Rdd1 Rd4 30. Qxd4 Qxe1+ 31. Rxe1 Rxe1+ 32. Qg1 Rxg1+ 33. Kxg1 f4 34. Kf2 Kg6 35. Kf3 Kf5 36. h4 a5 37. h5 h6 38. c4 Ke5 39. c5 Kd5 40. Kxf4 Kxc5 41. Kf5 Kb4 42. Kg6 Ka3 43. Kxh6 Kxa2 44. Kg6 a4 45. h6 a3 46. h7 1-0

[Event "*** Titled Tuesday 3|2 Blitz"]
[Site "Chess.com"]
[Date "2015.05.05"]
[Round "3"]
[White "Rijeka1999"]
[Black "chessloveyou"]
[Result "1/2-1/2"]
[WhiteElo "2218"]
[BlackElo "2100"]
[TimeControl "180+2"]
[EndTime "11:36:02 PDT"]
[Termination "Game drawn by repetition"]

1. e4 Nf6 2. e5 Nd5 3. d4 d6 4. Nf3 Nc6 5. exd6 exd6 6. Be2 Be7 7. O-O O-O 8. c4 Nb6 9. d5 Ne5 10. Nxe5 dxe5 11. Be3 Bf5 12. Nc3 Nd7 13. Qd2 a5 14. Bf3 Nc5 15. Rad1 Rb8 16. Rfe1 f6 17. a3 b6 18. Be2 Ne4 19. Nxe4 Bxe4 20. Bd3 Bxd3 21. Qxd3 Qd7 22. h3 Rfd8 23. f4 Bd6 24. fxe5 Bxe5 25. Bd4 Bd6 26. Re6 Re8 27. Rde1 Rxe6 28. dxe6 Qc6 29.
Kh1 Re8 30. Bc3 Bf8 31. Qf5 Qxc4 32. Re4 Qd3 33. Bxf6 Qd1+ 34. Kh2 gxf6 35. Qxf6 Bd6+ 36. g3 Qc2+ 37. Kg1 Qxe4 38. Qf7+ Kh8 39. Qf6+ Kg8 40. Qf7+ Kh8 41. Qf6+ Kg8 42. Qf7+ 1/2-1/2

[Event "*** Titled Tuesday 3|2 Blitz"]
[Site "Chess.com"]
[Date "2015.05.05"]
[Round "3"]
[White "Keranke"]
[Black "iFrancisco"]
[Result "1-0"]
[WhiteElo "2555"]
[BlackElo "2287"]
[TimeControl "180+2"]
[EndTime "11:36:13 PDT"]
[Termination "Keranke won by resignation"]

1. d4 d5 2. c4 e6 3. Nf3 Nf6 4. g3 Bb4+ 5. Nbd2 b6 6. Bg2 Bb7 7. Qa4+ Nc6 8. Ne5 Qd6 9. O-O O-O 10. Ndf3 Nxd4 11. a3 Nxe2+ 12. Kh1 Nxc1 13. axb4 Ne2 14. Rfe1 Nxg3+ 15. hxg3 Ne4 16. Kg1 f6 17. Ng4 dxc4 18. Ne3 c3 19. Rad1 Qe7 20. Qb3 cxb2 21. Qxb2 Nd6 22. Nd5 Qf7 23. Nc3 e5 24. b5 Rfd8 25. Qc2 a5 26. bxa6 Rxa6 27. Qd3 Ra3 28. Nxe5 fxe5 29.
Bxb7 Nxb7 30. Qxd8+ Nxd8 31. Rxd8+ Qf8 32. Rxf8+ Kxf8 33.
Nb5 Ra5 34. Nxc7 Ke7 35. Rd1 b5 36. Rd5 Ra1+ 37. Kg2 b4 38. Rb5 Kd6 39. Ne8+ Ke7 40. Nxg7 Rb1 41. Nf5+ Ke6 42. Ne3 Kd6 43. Nc2 b3 44. Na3 Rb2 45. Nc4+ Kc6 46. Rb8 Rc2 47. Nxe5+ Kd5 48. Nd3 Rc3 49. Nf4+ Ke4 50. Rb4+ Ke5 51. Ne2 Rc2 52. Nd4 Rb2 53. Rxb3 Ra2 54. Nf3+ Kf5 55.
Rb7 h6 56. Rb6 h5 57. Nh4+ Kg5 58. Rb5+ 1-0

[Event "*** Titled Tuesday 3|2 Blitz"]
[Site "Chess.com"]
[Date "2015.05.05"]
[Round "3"]
[White "kesarev"]
[Black "vinceyoung15"]
[Result "0-1"]
[WhiteElo "2171"]
[BlackElo "2115"]
[TimeControl "180+2"]
[EndTime "11:36:13 PDT"]
[Termination "vinceyoung15 won by resignation"]

1. Nf3 Nf6 2. c4 g6 3. Nc3 Bg7 4. e4 O-O 5. d4 d6 6. h3 Nbd7 7. Bg5 e5 8. d5 h6 9. Be3 Nh5 10. Nd2 Nf4 11. g3 Nh5 12. Be2 Nhf6 13. Qc2 a6 14. g4 Nh7 15. Nf1 Nc5 16. Ng3 Qh4 17.
O-O-O b5 18. b4 Na4 19. Nxa4 bxa4 20. Kb2 Bd7 21. Ka3 Rfb8 22. Rb1 Qe7 23. Qd2 c6 24. Bxh6 Bf6 25. Be3 cxd5 26. cxd5 Bb5 27. Rhc1 a5 28. bxa5 Bxe2 29. Nxe2 Nf8 30. Nc3 Rxb1 31.
Nxb1 Qb7 32. Qb4 Qa6 33. Rc6 Qd3+ 34. Nc3 Bd8 35. Bb6 Bg5 36. Qc4 Qc2 37. Ne2 Qb1 38. Kxa4 Nd7 39. Qb3 Qxe4+ 40. Ka3 Qxe2 41. Rxd6 Be7 42.
Bc7 Bxd6+ 0-1

[Event "*** Titled Tuesday 3|2 Blitz"]
[Site "Chess.com"]
[Date "2015.05.05"]
[Round "3"]
[White "Kacparov"]
[Black "alturas_pacificas"]
[Result "1-0"]
[WhiteElo "2441"]
[BlackElo "2136"]
[TimeControl "180+2"]
[EndTime "11:36:23 PDT"]
[Termination "Kacparov won by resignation"]

1. e4 g6 2. d4 Bg7 3. Nc3 d6 4. f4 a6 5. Nf3 b5 6. Bd3 Nd7 7. e5 c5 8. Be4 Rb8 9. dxc5 Nxc5 10. Bc6+ Bd7 11. Bxd7+ Qxd7 12. exd6 exd6 13. O-O Ne7 14. Be3 Rc8 15. Bd4 Bxd4+ 16. Qxd4 O-O 17. Rad1 Nf5 18. Qf2 Rfe8 19. Rfe1 Rxe1+ 20. Rxe1 Re8 21. Nd5 Kg7 22. Rxe8 Qxe8 23. Nd4 Nxd4 24. Qxd4+ Kh6 25. Kf1 Qe4 26. Qxe4 Nxe4 27. Nc7 Nd2+ 28. Ke2 Nc4 29. b3 Na3 30. Kd3 a5 31. Ne8 d5 32. c3 Kh5 33. Nf6+ Kh4 34. Nxd5 h5 35. Ne3 f6 36. c4 bxc4+ 37. bxc4 g5 38. fxg5 fxg5 39. c5 g4 40. c6 Nb5 41.
Kc4 Nd6+ 42. Kd5 Nc8 43. Ke6 a4 44. c7 a3 45. Kd7 Nb6+ 46. Kc6 Nc8 47. Nf5+ Kg5 48.
Kb7 g3 49. hxg3 Kxf5 50. Kxc8 Kg4 51. Kb7 Kxg3 52. c8=Q h4 53. Qh3+ 1-0

[Event "*** Titled Tuesday 3|2 Blitz"]
[Site "Chess.com"]
[Date "2015.05.05"]
[Round "3"]
[White "eltenedor"]
[Black "WanderingPuppet"]
[Result "0-1"]
[WhiteElo "1955"]
[BlackElo "2093"]
[TimeControl "180+2"]
[EndTime "11:36:23 PDT"]
[Termination "WanderingPuppet won by checkmate"]

1. c4 Nf6 2. g3 g6 3. Bg2 Bg7 4. Nc3 O-O 5. e3 d6 6. Nge2 c5 7. O-O Nc6 8. d3 e5 9. b3 Re8 10. Bb2 Bf5 11. a3 Qd7 12. Qd2 Bh3 13. Rad1 Rad8 14.
d4 exd4 15. exd4 Bxg2 16. Kxg2 cxd4 17. Nxd4 Nxd4 18. Qxd4 Ne4 19. Qd3 Qc6 20. f3 Nc5 21.
Qc2 Re6 22. Rf2 Rde8 23. Nd5 Nd7 24. Bxg7 Kxg7 25. Qb2+ f6 26. Rfd2 Ne5 27. Qd4 a6 28. Qf2 Nd7 29. Nf4 Nc5 30. Nxe6+ Rxe6 31. b4 Nb3 32.
Re2 Qxc4 33. Rxe6 Qxe6 34. Re1 Qd5 35. Re7+ Kh6 36. Qe3+ g5 37. Kh3 Nd2 38. Re6 Kg6 39. f4 g4+ 40. Kxg4 Qh5# 0-1

[Event "*** Titled Tuesday 3|2 Blitz"]
[Site "Chess.com"]
[Date "2015.05.05"]
[Round "3"]
[White "cassoulet"]
[Black "Haykos"]
[Result "1-0"]
[WhiteElo "2195"]
[BlackElo "2205"]
[TimeControl "180+2"]
[EndTime "11:36:25 PDT"]
[Termination "cassoulet won by resignation"]

1. e4 g6 2. h4 h5 3. Nc3 c6 4. Bc4 Bg7 5. d4 d6 6. Nf3 Nd7 7. Ng5 Nh6 8. Be3 d5 9. exd5 Nb6 10. Bb3 Nxd5 11. Nxd5 cxd5 12. Qd2 Nf5 13. O-O-O Nxe3 14. fxe3 Bg4 15. Rdf1 O-O 16. e4 e6 17. e5 b5 18.
c3 a5 19. Bc2 b4 20. cxb4 axb4 21. Kb1 Qa5 22. Bb3 Bf5+ 23. Rxf5 exf5 24. Nh3 Rfc8 25. Qd3 Bh6 26. g3 Ra7 27. Nf4 Rac7 28. Ne2 Kg7 29.
Rd1 Qa8 30. Qb5 Rd8 31. Qxb4 Qc6 32. Nc3 Be3 33. Rd3 Bh6 34. Qa5 f4 35. gxf4 Bxf4 36. a3 Bh6 37. Bxd5 Qd7 38. Bb3 Qf5 39. Qxc7 Qxd3+ 40.
Ka2 Qxd4 41. Qxf7+ Kh8 42. Qxg6 Bc1 43. Qxh5+ Kg7 44.
Qf7+ Kh6 45. Qf6+ Kh5 46. Bd1+ Qxd1 47. Nxd1 Rxd1 48. Qf3+ 1-0

[Event "*** Titled Tuesday 3|2 Blitz"]
[Site "Chess.com"]
[Date "2015.05.05"]
[Round "3"]
[White "Shankland"]
[Black "Lupul_Cenusiu"]
[Result "1-0"]
[WhiteElo "2503"]
[BlackElo "2312"]
[TimeControl "180+2"]
[EndTime "11:36:30 PDT"]
[Termination "Shankland won by resignation"]

1. d4 d6 2. e4 g6 3. c4 Bg7 4. Nc3 Nf6 5. Nf3 O-O 6. Be2 Bg4 7.
Be3 Nbd7 8. O-O e5 9. d5 Qe7 10.
Nd2 Bxe2 11. Qxe2 a6 12. b4 Nh5 13. g3 Rae8 14. Rac1 Kh8 15. a4 Bf6 16. Nb3 Bg5 17. c5 Bxe3 18. Qxe3 f5 19. c6 f4 20. Qd3 bxc6 21.
dxc6 Ndf6 22. b5 Qe6 23. Nd2 Qh3 24. Qf3 axb5 25. axb5 Qe6 26. Nd5 Rf7 27. b6 cxb6 28.
c7 Rc8 29. Nc4 Nxd5 30. exd5 Qf6 31. g4 Ng7 32. Nxb6 Rcxc7 33. Rc6 h6 34. Rfc1 Rb7 35. Nc4 Rbd7 36. Nd2 Qh4 37. Ne4 Ne8 38. Rc8 Rfe7 39. g5 hxg5 40. Nf6 g4 41. Qxg4 Qxf6 42. Rxe8+ Rxe8 43.
Qxd7 Re7 44. Qd8+ Kh7 45. Rc7 Qg5+ 46. Kh1 Rxc7 47. Qxg5 f3 48. h4 Rc4 49. h5 gxh5 50. Qxh5+ Kg7 51. Qxf3 Rd4 52. Kg2 Kg6 53. Qh3 Kg5 54. Qe6 Kf4 55. Qxd6 Ke4 56. f3+ 1-0

[Event "*** Titled Tuesday 3|2 Blitz"]
[Site "Chess.com"]
[Date "2015.05.05"]
[Round "3"]
[White "Daniel_Fridman"]
[Black "AnthonyWirig"]
[Result "1-0"]
[WhiteElo "2638"]
[BlackElo "2500"]
[TimeControl "180+2"]
[EndTime "11:36:31 PDT"]
[Termination "Daniel_Fridman won by resignation"]

1. d4 Nf6 2. Nf3 d6 3. c4 Nc6 4. d5 Ne5 5. Nxe5 dxe5 6. Nc3 e6 7. e4 exd5 8. cxd5 a6 9. Be2 Bd6 10. O-O h6 11. Be3 O-O 12. Qd2 Qe7 13. Rac1 Ng4 14.
Bxg4 Bxg4 15. Na4 b6 16. b3 Bd7 17. Nb2 f5 18. f3 fxe4 19. fxe4 Qh4 20. Qd3 b5 21.
Bf2 Qg5 22. Qe2 Bg4 23. Qe3 Qg6 24. Nd3 Bf3 25. Bg3 Bxe4 26. Rfd1 h5 27. Nf2 Bf5 28. Re1 Rae8 29. Ne4 Bb4 30. Re2 Ba5 31. Kh1 Bb6 32. Qd3 Qg4 33. h3 Qg6 34. Bh2 Kh8 35. Rc6 Bxe4 36.
Rxe4 Rf1+ 37. Qxf1 Qxe4 38. Qd1 g6 39. Qf1 Qf5 40.
Qc1 Kh7 41. d6 Rf8 42. dxc7 Qf1+ 43. Qxf1 Rxf1+ 44. Bg1 Rxg1+ 45. Kh2 Bxc7 46. Kxg1 Ba5 47. Rxa6 Bc3 48. a4 bxa4 49. bxa4 Kh6 50. Kf2 Kg5 51.
Ke2 Kf4 52. Rxg6 e4 53. h4 e3 54. Rg5 Bf6 55. Rxh5 Kg4 56. Rd5 1-0

[Event "*** Titled Tuesday 3|2 Blitz"]
[Site "Chess.com"]
[Date "2015.05.05"]
[Round "3"]
[White "lukas_111111"]
[Black "Aygehovit1992"]
[Result "1-0"]
[WhiteElo "2346"]
[BlackElo "2448"]
[TimeControl "180+2"]
[EndTime "11:36:38 PDT"]
[Termination "lukas_111111 won by resignation"]

1. d4 d6 2. e4 g6 3. Nf3 Bg7 4. Nc3 a6 5. a4 b6 6. h3 Bb7 7.
Be3 Nd7 8. Bc4 e6 9. O-O Ne7 10. Bb3 O-O 11. Qd2 Re8 12. Rfe1 c5 13. d5 e5 14. Bc4 Rf8 15. Bh6 Bxh6 16. Qxh6 f6 17. Ne2 Rf7 18. Ng3 Qf8 19. Qd2 h6 20. Ra3 Kh7 21.
Nh4 Rg7 22. Bd3 a5 23. c4 Qh8 24. Rf1 Rd8 25. Bc2 Rf8 26. Rb3 Kg8 27. Rf3 Kf7 28.
Rb3 Ke8 29. f4 exf4 30. Ne2 g5 31. Nf3 Ng6 32. Nc3 Ba6 33. Bd3 Nge5 34. Nxe5 fxe5 35.
Qe2 h5 36. Kf2 g4 37. Ke1 gxh3 38. gxh3 Rg3 39. Rf3 h4 40. Nb5 Bxb5 41. axb5 Rfg8 42. Bc2 Rxf3 43. Rxf3 Rg3 44. Rxg3 hxg3 45. Qg4 Qf6 46. Bd1 Nf8 47. Qc8+ Kf7 48. Qc7+ Kg8 49. Bf3 Ng6 50. Qxb6 Nh4 51. Ke2 Nxf3 52. Kxf3 Qg6 53. Qd8+ Kg7 54.
Qd7+ Kh8 55. Qg4 Qf6 56. b6 Qd8 57. b7 Kh7 58. Qc8 Qg5 59. b8=Q Qh5+ 60. Qg4 Qxg4+ 61. hxg4 1-0

[Event "*** Titled Tuesday 3|2 Blitz"]
[Site "Chess.com"]
[Date "2015.05.05"]
[Round "3"]
[White "GeorgMeier"]
[Black "Tilicheev_Viacheslav"]
[Result "0-1"]
[WhiteElo "2730"]
[BlackElo "2433"]
[TimeControl "180+2"]
[EndTime "11:36:45 PDT"]
[Termination "Tilicheev_Viacheslav won by resignation"]

1. Nf3 d5 2. g3 Nc6 3. d4 Bg4 4.
Bg2 Qd7 5. h3 Bxf3 6. exf3 O-O-O 7. f4 e6 8. c3 h5 9. Nd2 Nge7 10. Nf3 f6 11. Qe2 Nf5 12. O-O h4 13. g4 Nd6 14.
Re1 Re8 15. a4 g6 16. Be3 Bg7 17. Rad1 Kb8 18. b4 Ne4 19. Qc2 f5 20. g5 Rc8 21.
Ra1 Ne7 22. Reb1 Ka8 23. Rb3 Kb8 24. Bf1 c6 25. Rab1 Ka8 26. Bd3 Rc7 27. Qe2 Rcc8 28. R1b2 Rc7 29. Qe1 Rcc8 30. Qb1 Rc7 31. c4 dxc4 32.
Bxc4 Nd5 33. Bd3 Nec3 34. Qa1 Qf7 35. Bc4 Ne4 36. Rc2 Qd7 37. Qc1 Qd6 38. Qb1 Nxf4 39. Bf1 Nd5 40. b5 cxb5 41. Rxc7 Qxc7 42. axb5 Kb8 43. Ra3 Nxe3 44. Rxe3 Qf4 45. Bg2 Rc8 46. Re1 Bxd4 47. Rxe4 fxe4 48. Nxd4 Rc1+ 0-1